BSA
NASHVILLE G-STRINGS @ ORLANDO CALRISSIAN
09/07/2030
 
TOP OF THE 1ST
Nashville G-Strings batting - Pitching for Orlando Calrissian : RHP Jorge Jiménez
Pitching: RHP Jorge Jiménez
Batting: RHB Eric Thompson 0-0: Ball
1-0: SINGLE (Flyball, 78S)
Batting: SHB Ricardo Arévalo 0-0: Ball
1-0: Swinging Strike
1-1: Grounds into double play, 6-4-3 (Groundball, 6)
Batting: RHB Sergio Márquez 0-0: Ball
1-0: Swinging Strike
1-1: Swinging Strike
1-2: Ball
2-2: Ball
3-2: Foul Ball, location: 2F
3-2: Strikes out swinging
Top of the 1st over - 0 runs, 1 hit, 0 errors, 0 left on base; Nashville 0 - Orlando 0
BOTTOM OF THE 1ST
Orlando Calrissian batting - Pitching for Nashville G-Strings : LHP Albert Lebel
Pitching: LHP Albert Lebel
Batting: RHB Augusto Padilla 0-0: Called Strike
0-1: Swinging Strike
0-2: Ball
1-2: Foul Ball, location: 2F
1-2: Strikes out swinging
Batting: RHB Sean White 0-0: Ball
1-0: Ball
2-0: Called Strike
2-1: Reached on error, E3 (Groundball, 23)
Batting: RHB Gabriel Ángel 0-0: Ball
1-0: Ball
2-0: Foul Ball, location: 2F
2-1: Ball
3-1: Foul Ball, location: 2F
3-2: Fly out, F8 (Flyball, 89M)
Batting: RHB Raúl Canó 0-0: Called Strike
0-1: Swinging Strike
0-2: Ball
1-2: Strikes out swinging
Bottom of the 1st over - 0 runs, 0 hits, 1 error, 1 left on base; Nashville 0 - Orlando 0
TOP OF THE 2ND
Nashville G-Strings batting - Pitching for Orlando Calrissian : RHP Jorge Jiménez
Batting: SHB Rob Grun 0-0: Called Strike
0-1: Ball
1-1: Ball
2-1: Ball
3-1: Base on Balls
Batting: LHB Bob Cunningham 0-0: Ball
1-0: Called Strike
1-1: Ball
2-1: Ball
3-1: Swinging Strike
3-2: Strikes out swinging
Batting: RHB Wilfred Martin 0-0: Swinging Strike
0-1: Swinging Strike
0-2: Ball
1-2: Strikes out swinging
Batting: RHB Jesús Cabrera 0-0: Ball
1-0: Ground out 5-3 (Groundball, 56S)
Top of the 2nd over - 0 runs, 0 hits, 0 errors, 1 left on base; Nashville 0 - Orlando 0
BOTTOM OF THE 2ND
Orlando Calrissian batting - Pitching for Nashville G-Strings : LHP Albert Lebel
Batting: RHB Frederico Hernández 0-0: Ball
1-0: Ground out 6-3 (Groundball, 6M)
Batting: RHB Griswold Coleman 0-0: Foul Ball, location: 2F
0-1: Ball
1-1: Called Strike
1-2: Foul Ball, location: 2F
1-2: Ball
2-2: Foul Ball, location: 2F
2-2: Foul Ball, location: 2F
2-2: Ball
3-2: Foul Ball, location: 2F
3-2: Foul Ball, location: 2F
3-2: DOUBLE (Line Drive, 78XD)
Batting: SHB Javier Jiménez 0-0: Ball
1-0: Ball
2-0: Foul Ball, location: 2F
2-1: Fly out, F8 (Flyball, 8LD)
Batting: SHB Brian Price 0-0: Fly out, F8 (Flyball, 8LM)
Bottom of the 2nd over - 0 runs, 1 hit, 0 errors, 1 left on base; Nashville 0 - Orlando 0
TOP OF THE 3RD
Nashville G-Strings batting - Pitching for Orlando Calrissian : RHP Jorge Jiménez
Batting: LHB Miguel Rivería 0-0: Called Strike
0-1: Ball
1-1: Foul Ball, location: 2F
1-2: Fly out, F9 (Flyball, 9S)
Batting: LHB Richard Olvera 0-0: Foul Ball, location: 2F
0-1: Ground out 5-3 (Groundball, 56S)
Batting: RHB Eric Thompson 0-0: Ball
1-0: Foul Ball, location: 2F
1-1: Ball
2-1: Called Strike
2-2: Ball
3-2: SINGLE (Line Drive, 56)
Batting: SHB Ricardo Arévalo 0-0: Ball
Eric Thompson steals 2nd base
1-0: Ball
2-0: Ground out 5-3 (Groundball, 5)
Top of the 3rd over - 0 runs, 1 hit, 0 errors, 1 left on base; Nashville 0 - Orlando 0
BOTTOM OF THE 3RD
Orlando Calrissian batting - Pitching for Nashville G-Strings : LHP Albert Lebel
Batting: LHB Zack Payton 0-0: Ball
1-0: Ball
2-0: Fly out, F5 (Popup, 56)
Batting: RHB Augusto Padilla 0-0: Foul Ball, location: 2F
0-1: Ball
1-1: Ball
2-1: Foul Ball, location: 2F
2-2: Fly out, F8 (Flyball, 8RD)
Batting: RHB Sean White 0-0: Foul Ball, location: 2F
0-1: Fly out, F9 (Flyball, 89M)
Bottom of the 3rd over - 0 runs, 0 hits, 0 errors, 0 left on base; Nashville 0 - Orlando 0
TOP OF THE 4TH
Nashville G-Strings batting - Pitching for Orlando Calrissian : RHP Jorge Jiménez
Batting: RHB Sergio Márquez 0-0: Called Strike
0-1: Foul Ball, location: 2F
0-2: Fly out, F7 (Line Drive, 7)
Batting: SHB Rob Grun 0-0: Ball
1-0: Ground out U3 (Groundball, 3S)
Batting: LHB Bob Cunningham 0-0: Ground out 1-3 (Groundball, 13S)
Top of the 4th over - 0 runs, 0 hits, 0 errors, 0 left on base; Nashville 0 - Orlando 0
BOTTOM OF THE 4TH
Orlando Calrissian batting - Pitching for Nashville G-Strings : LHP Albert Lebel
Batting: RHB Gabriel Ángel 0-0: Foul Ball, location: 2F
0-1: SINGLE (Groundball, 34D)
Batting: RHB Raúl Canó 0-0: Called Strike
0-1: Ball
1-1: Ball
2-1: Foul Ball, location: 2F
2-2: SINGLE (Line Drive, 8LS)
Gabriel Ángel to second
Batting: RHB Frederico Hernández 0-0: Ball
1-0: Swinging Strike
1-1: Foul Ball, location: 2F
1-2: Strikes out looking
Batting: RHB Griswold Coleman 0-0: Foul Ball, location: 2F
0-1: Ball
1-1: Fly out, F1 (Line Drive, 15)
Batting: SHB Javier Jiménez 0-0: Ball
1-0: Ball
2-0: Called Strike
2-1: Foul Ball, location: 2F
2-2: Strikes out swinging
Bottom of the 4th over - 0 runs, 2 hits, 0 errors, 2 left on base; Nashville 0 - Orlando 0
TOP OF THE 5TH
Nashville G-Strings batting - Pitching for Orlando Calrissian : RHP Jorge Jiménez
Batting: RHB Wilfred Martin 0-0: Called Strike
0-1: Ball
1-1: Ball
2-1: Ground out 4-3 (Groundball, 4)
Batting: RHB Jesús Cabrera 0-0: Foul Ball, location: 2F
0-1: Ball
1-1: SINGLE (Groundball, 6) (infield hit)
Pitching: LHP Xavier Velázquez
Batting: LHB Miguel Rivería 0-0: Ball
1-0: Ball
2-0: Ball
3-0: Swinging Strike
3-1: Base on Balls
Jesús Cabrera to second
Batting: LHB Richard Olvera 0-0: Called Strike
0-1: Called Strike
0-2: Strikes out swinging
Batting: RHB Eric Thompson 0-0: Called Strike
0-1: Ball
1-1: SINGLE (Groundball, 6MS) (infield hit)
Jesús Cabrera to third
Miguel Rivería to second
Batting: SHB Ricardo Arévalo 0-0: Swinging Strike
0-1: Fly out, F9 (Flyball, 9S)
Top of the 5th over - 0 runs, 2 hits, 0 errors, 3 left on base; Nashville 0 - Orlando 0
BOTTOM OF THE 5TH
Orlando Calrissian batting - Pitching for Nashville G-Strings : LHP Albert Lebel
Batting: SHB Brian Price 0-0: Swinging Strike
0-1: Ball
1-1: SINGLE (Flyball, 7LS) - OUT at second base trying to stretch hit.
Batting: LHB Zack Payton 0-0: Ball
1-0: Ground out 5-3 (Groundball, 56S)
Batting: RHB Augusto Padilla 0-0: Swinging Strike
0-1: Ball
1-1: DOUBLE (Line Drive, 7D)
Batting: RHB Sean White 0-0: Called Strike
0-1: SINGLE (Groundball, 6MD)
Augusto Padilla to third
Runner from 3rd tries for Home, SAFE, no throw
Batting: RHB Gabriel Ángel 0-0: Ball
1-0: Ball
2-0: Ball
3-0: Called Strike
3-1: Foul Ball, location: 2F
3-2: Strikes out looking
Bottom of the 5th over - 1 run, 3 hits, 0 errors, 1 left on base; Nashville 0 - Orlando 1
TOP OF THE 6TH
Nashville G-Strings batting - Pitching for Orlando Calrissian : LHP Xavier Velázquez
Now at 1B: Júlio Negrón
Now in CF: Craig Kenney
Batting: RHB Sergio Márquez 0-0: Ball
1-0: Called Strike
1-1: Foul Ball, location: 2F
1-2: Ground out 5-3 (Groundball, 5)
Batting: SHB Rob Grun 0-0: Ball
1-0: Ball
2-0: Swinging Strike
2-1: SOLO HOME RUN (Flyball, 7D), Distance : 373 ft
Batting: LHB Bob Cunningham 0-0: Ball
1-0: Called Strike
1-1: Fly out, F4 (Line Drive, 4)
Batting: RHB Wilfred Martin 0-0: Ball
1-0: Ground out 3-1 (Groundball, 3S)
Top of the 6th over - 1 run, 1 hit, 0 errors, 0 left on base; Nashville 1 - Orlando 1
BOTTOM OF THE 6TH
Orlando Calrissian batting - Pitching for Nashville G-Strings : LHP Albert Lebel
Pitching: RHP Barry Garner
Batting: RHB Raúl Canó 0-0: Ball
1-0: Ball
2-0: Ball
3-0: Base on Balls
Batting: RHB Frederico Hernández 0-0: Ball
1-0: SINGLE (Groundball, 6) (infield hit)
Raúl Canó to second
Batting: RHB Griswold Coleman 0-0: Ball
1-0: Ball
2-0: Foul Ball, location: 2F
2-1: Ball
3-1: Foul Ball, location: 2F
3-2: Base on Balls
Raúl Canó to third
Frederico Hernández to second
Batting: SHB Javier Jiménez 0-0: Ball
1-0: Ball
2-0: Ball
3-0: Called Strike
3-1: Foul Ball, location: 2F
3-2: Base on Balls
Raúl Canó scores
Frederico Hernández to third
Griswold Coleman to second
Batting: SHB Brian Price 0-0: Ball
1-0: Foul Ball, location: 2F
1-1: Foul Ball, location: 2F
1-2: Ball
Wild Pitch!
Frederico Hernández scores
Griswold Coleman to third
Javier Jiménez to second
2-2: Strikes out swinging
Pitching: RHP Kimitada Takai
Batting: LHB Zack Payton 0-0: Swinging Strike
0-1: Swinging Strike
0-2: Ball
1-2: SINGLE (Groundball, 3D)
Griswold Coleman scores
Javier Jiménez to third
Batting: RHB Augusto Padilla 0-0: Grounds into double play, 4-6-3 (Groundball, 4)
Bottom of the 6th over - 3 runs, 2 hits, 0 errors, 1 left on base; Nashville 1 - Orlando 4
TOP OF THE 7TH
Nashville G-Strings batting - Pitching for Orlando Calrissian : LHP Xavier Velázquez
Batting: RHB Jesús Cabrera 0-0: Ball
1-0: Swinging Strike
1-1: Called Strike
1-2: Foul Ball, location: 2F
1-2: Ball
2-2: Fly out, F7 (Line Drive, 7D)
Batting: LHB Miguel Rivería 0-0: Swinging Strike
0-1: Swinging Strike
0-2: Ball
1-2: Strikes out looking
Batting: LHB Richard Olvera 0-0: Ball
1-0: Swinging Strike
1-1: Ball
2-1: Called Strike
2-2: Ground out 6-3 (Groundball, 6M)
Top of the 7th over - 0 runs, 0 hits, 0 errors, 0 left on base; Nashville 1 - Orlando 4
BOTTOM OF THE 7TH
Orlando Calrissian batting - Pitching for Nashville G-Strings : RHP Kimitada Takai
Batting: LHB Craig Kenney 0-0: Ball
1-0: Called Strike
1-1: Ball
2-1: Swinging Strike
2-2: Ball
3-2: Strikes out swinging
Batting: RHB Júlio Negrón 0-0: Foul Ball, location: 2F
0-1: Ball
1-1: Called Strike
1-2: Fly out, F7 (Flyball, 7LMF)
Batting: RHB Raúl Canó 0-0: Ball
1-0: SINGLE (Flyball, 34D)
Batting: RHB Frederico Hernández 0-0: Called Strike
0-1: Called Strike
0-2: Ball
1-2: Foul Ball, location: 2F
1-2: Ball
2-2: Ball
3-2: Base on Balls
Raúl Canó to second
Batting: RHB Griswold Coleman 0-0: Ball
1-0: SINGLE (Flyball, 34D)
Raúl Canó to third
Frederico Hernández to second
Runner from 3rd tries for Home, SAFE, throw made home
Batting: SHB Javier Jiménez 0-0: Ball
1-0: Foul Ball, location: 2F
1-1: SINGLE (Line Drive, 9LS)
Frederico Hernández to third
Griswold Coleman to second
Runner from 3rd tries for Home, SAFE, no throw
Batting: SHB Brian Price 0-0: Called Strike
0-1: Ground out U3 (Groundball, 3S)
Bottom of the 7th over - 2 runs, 3 hits, 0 errors, 2 left on base; Nashville 1 - Orlando 6
TOP OF THE 8TH
Nashville G-Strings batting - Pitching for Orlando Calrissian : LHP Xavier Velázquez
Batting: RHB Eric Thompson 0-0: Ball
1-0: Ball
2-0: Called Strike
2-1: Ball
3-1: Called Strike
3-2: Foul Ball, location: 2F
3-2: Base on Balls
Batting: SHB Ricardo Arévalo 0-0: Foul Ball, location: 2F
0-1: Swinging Strike
0-2: Ball
1-2: Foul Ball, location: 2F
1-2: Grounds into double play, 4-6-3 (Groundball, 4)
Batting: RHB Sergio Márquez 0-0: Ball
1-0: Ball
2-0: Foul Ball, location: 2F
2-1: Ball
3-1: Base on Balls
Pitching: RHP Dave Heath
Batting: SHB Rob Grun 0-0: Foul Ball, location: 2F
0-1: Ball
1-1: Ball
2-1: SINGLE (Flyball, 7LS)
Sergio Márquez to second
Batting: LHB Bob Cunningham 0-0: Ball
1-0: Ball
2-0: Ball
3-0: Called Strike
3-1: Called Strike
3-2: Ground out 4-3 (Groundball, 4M)
Top of the 8th over - 0 runs, 1 hit, 0 errors, 2 left on base; Nashville 1 - Orlando 6
BOTTOM OF THE 8TH
Orlando Calrissian batting - Pitching for Nashville G-Strings : RHP Kimitada Takai
Batting: LHB Zack Payton 0-0: Foul Ball, location: 2F
0-1: Ball
1-1: Fly out, F7 (Line Drive, 7)
Batting: RHB Augusto Padilla 0-0: Called Strike
0-1: Ball
1-1: Called Strike
1-2: Ball
2-2: Ball
3-2: Strikes out swinging
Pitching: RHP Noriyuki Matsui
Batting: LHB Craig Kenney 0-0: Ball
1-0: Ball
2-0: Swinging Strike
2-1: Ball
3-1: Swinging Strike
3-2: SINGLE (Line Drive, 34D)
Batting: RHB Júlio Negrón 0-0: Called Strike
0-1: Ball
1-1: Called Strike
1-2: Foul Ball, location: 2F
1-2: Foul Ball, location: 2F
1-2: Ball
2-2: Ball
3-2: Base on Balls
Craig Kenney to second
Batting: RHB Raúl Canó 0-0: Ball
1-0: Ball
2-0: Ground out 3-1 (Groundball, 34)
Bottom of the 8th over - 0 runs, 1 hit, 0 errors, 2 left on base; Nashville 1 - Orlando 6
TOP OF THE 9TH
Nashville G-Strings batting - Pitching for Orlando Calrissian : RHP Dave Heath
Batting: RHB Wilfred Martin 0-0: Ball
1-0: Ball
2-0: Called Strike
2-1: Ball
3-1: Base on Balls
Batting: RHB Jesús Cabrera 0-0: Fielders Choice at 2nd, 1-6 (Groundball, 13S)
Batting: LHB Miguel Rivería 0-0: Fly out, F8 (Flyball, 8RS)
Batting: LHB Richard Olvera 0-0: Ball
1-0: Ball
2-0: Ball
3-0: Base on Balls
Jesús Cabrera to second
Batting: RHB Eric Thompson 0-0: Foul Ball, location: 2F
0-1: Ball
1-1: Fielders Choice at 2nd, 5-4 (Groundball, 56)
Top of the 9th over - 0 runs, 0 hits, 0 errors, 2 left on base; Nashville 1 - Orlando 6
Saturday, April 7th, 2018 - OOTP Baseball 18.8 Build 76